 Dungeon Crawl Stone Soup version 0.19.5 (webtiles) character file.

5429 Santreim the Cleaver (level 10, -1/91 HPs)
             Began as a Minotaur Fighter on Mar 13, 2017.
             Was a Follower of the Shining One.
             Impaled on a porcupine's spines (11 damage)
             ... on level 1 of the Lair of Beasts.
             The game lasted 00:22:43 (7764 turns).

Santreim the Cleaver (Minotaur Fighter)             Turns: 7764, Time: 00:22:44

Health: -1/91      AC:  4    Str: 28    XL:     10   Next: 40%
Magic:  9/9        EV:  9    Int:  5    God:    the Shining One [*.....]
Gold:   469        SH: 14    Dex: 10    Spells: 0 memorised, 9 levels left

rFire  . . .     SeeInvis .     a - +1 war axe
rCold  . . .     Gourm    .     h - +0 chain mail
rNeg   . . .     Faith    .     c - +0 shield
rPois  .         Spirit   .     (helmet restricted)
rElec  .         Reflect  +     T - +0 cloak
rCorr  .         Harm     .     (no gloves)
MR     .....                    (no boots)
Stlth  ..........               J - +2 amulet of reflection
                                u - +1 ring of evasion
                                b - +4 ring of strength

@: lethally poisoned (-1 -> -4), corroded, very slightly contaminated, glowing
A: retaliatory headbutt, horns 2
a: Renounce Religion


You were on level 1 of the Lair of Beasts.
You worshipped the Shining One.
The Shining One was aware of your devotion.
You were very hungry.

You visited 3 branches of the dungeon, and saw 10 of its levels.

You collected 469 gold pieces.

Inventory:

Hand Weapons
 a - a +1 war axe (weapon)
 r - a +0 flail
 P - the +5 whip of Zaoh {slash, rPois rF+ Int+3 Stlth-}
   (You found it on level 7 of the Dungeon)

   It inflicts extra damage upon your enemies.
   It affects your intelligence (+3).
   It protects you from fire.
   It protects you from poison.
   It makes you less stealthy.
Missiles
 e - 248 stones (quivered)
Armour
 c - a +0 shield (worn)
 h - a +0 chain mail (worn)
 T - a +0 cloak (worn)
Jewellery
 b - a +4 ring of strength (left hand)
 u - a +1 ring of evasion (right hand)
 I - an uncursed ring of fire
 J - a +2 amulet of reflection (around neck)
Wands
 s - a wand of iceblast (12/15)
 G - a wand of flame (31/48)
 L - a wand of paralysis (19/24)
 R - a wand of iceblast (6/15)
 S - a wand of slowing (26/48)
Scrolls
 n - a scroll of recharging
 o - 3 scrolls of remove curse
 v - a scroll of fear
 w - 4 scrolls of blinking
 y - 3 scrolls of teleportation
 z - 2 scrolls of fog
 C - a scroll of identify
 K - a scroll of enchant armour {unknown}
 M - 2 scrolls of noise {unknown}
 N - a scroll of amnesia
 O - 2 scrolls of enchant weapon
Potions
 d - a potion of might
 i - 2 potions of mutation {unknown}
 k - 3 potions of ambrosia {unknown}
 l - a potion of flight {unknown}
 m - a potion of resistance {unknown}
 p - a potion of curing {unknown}
 t - a potion of heal wounds {unknown}
 x - a potion of haste {unknown}
 A - a potion of agility {unknown}
 B - a potion of brilliance {unknown}
 D - 3 potions of berserk rage {unknown}
 F - 3 potions of lignification {unknown}
 H - a potion of magic {unknown}
Books
 E - a book of Cantrips

   Spells                             Type                      Level
   a - Confusing Touch                Hexes                        1
   b - Animate Skeleton               Necromancy                   1
   c - Summon Small Mammal            Summoning                    1
   d - Apportation                    Translocation                1
Comestibles
 f - 3 bread rations
 g - a slice of pizza
 j - a beef jerky
 q - 2 royal jellies
 Q - a meat ration


   Skills:
 + Level 9.5 Fighting
 + Level 10.5 Axes
 + Level 9.5 Armour
 - Level 1.9 Dodging
 - Level 0.1 Stealth
 + Level 9.6 Shields


You had 9 spell levels left.
You didn't know any spells.

Dungeon Overview and Level Annotations

Branches:
Dungeon (8/15)             Temple (1/1) D:6            Lair (1/6) D:8

Altars:
Ashenzari
Cheibriados
Dithmenos
Elyvilon
Fedhas
Gozag
Hepliaklqana
Kikubaaqudgha
Makhleb
Nemelex Xobeh
Okawaru
Qazlal
Ru
Sif Muna
Trog
Uskayaw
Vehumet
Xom
Yredelemnul
Zin
The Shining One

Annotations:
Lair:1 exclusion: oklob plant


Innate Abilities, Weirdness & Mutations

You reflexively headbutt those who attack you in melee.
You have a pair of horns on your head.


Message History

You feel sick.
You hit the bullfrog. Your headbutt misses the bullfrog.
The bullfrog is severely wounded.
The bullfrog closely misses you. You furiously retaliate!
You headbutt the bullfrog. You hit the porcupine but do no damage.
Your headbutt misses the porcupine.
The porcupine is lightly wounded.
You slash the bullfrog!
You kill the bullfrog!
You feel sick. You block the porcupine's attack.
You hit the porcupine but do no damage.
The porcupine is lightly wounded.
You feel sick. You block the porcupine's attack. The porcupine bites you.
* * * LOW HITPOINT WARNING * * *
You slash the porcupine!
You headbutt the porcupine, but do no damage.
The porcupine is heavily wounded.
You block the porcupine's attack.
You are struck by the porcupine's spines.
You die...

#...P........
##..§.........
#.#...........
#....r........
#....#.#......
###...##....
#..<#.....
#>.#†.# #
##.#@## #.r.#
#####


You could see a porcupine.

Vanquished Creatures
  The ghost of North the Cleaver, a novice FoFi of Hepliaklqana (D:8)
  An unseen horror (D:8)
  A two-headed ogre (D:8)
  Prince Ribbit (D:7)
  2 hippogriffs
  A wyvern (D:8)
  Menkaure (D:7)
  2 wargs (D:8)
  2 water moccasins
  An orc warrior (D:8)
  A sky beast (D:8)
  A necrophage (D:5)
  2 ice beasts
  A phantom (D:8)
  A black bear (D:5)
  9 ogres
  The ghost of Sagrath01 the Chopper, an amateur DsBe of Trog (D:3)
  2 centaurs
  A big kobold (D:6)
  4 bullfrogs
  A howler monkey (D:6)
  6 crimson imps
  4 orc priests (D:8)
  5 hounds
  2 orc wizards
  4 iguanas
  3 worker ants
  A hound zombie (D:5)
  A hound skeleton (D:4)
  A worker ant zombie (D:7)
  9 adders
  3 gnolls (D:3)
  A shadow imp (D:5)
  An ooze (D:2)
  3 adder zombies
  2 adder skeletons
  3 worms (D:2)
  2 dart slugs
  5 leopard geckos
  15 orcs
  6 giant cockroaches
  14 goblins
  12 hobgoblins
  11 jackals
  4 quokkas
  2 ball pythons
  12 bats
  6 frilled lizards
  6 kobolds
  A leopard gecko zombie (D:5)
  A quokka skeleton (D:5)
  A quokka zombie (D:5)
  7 rats
191 creatures vanquished.

Notes
Turn   | Place    | Note
-------+----------+-------------------------------------------
     0 | D:1      | Santreim the Minotaur Fighter began the quest for the Orb.
     0 | D:1      | Reached XP level 1. HP: 19/19 MP: 0/0
    69 | D:1      | Reached XP level 2. HP: 25/27 MP: 1/1
   506 | D:2      | Reached XP level 3. HP: 33/33 MP: 2/2
   518 | D:2      | Reached skill level 3 in Axes
   798 | D:2      | Reached XP level 4. HP: 40/40 MP: 3/3
   818 | D:2      | Found a burning altar of Makhleb.
   863 | D:2      | Reached skill level 4 in Axes
   910 | D:2      | Found a basalt altar of Yredelemnul.
  1184 | D:3      | Noticed Sagrath01's ghost (amateur DsBe)
  1184 | D:3      | Reached skill level 1 in Dodging
  1192 | D:3      | Reached XP level 5. HP: 30/46 MP: 4/4
  1203 | D:3      | Killed Sagrath01's ghost
  1203 | D:3      | Reached skill level 5 in Axes
  2299 | D:4      | Reached XP level 6. HP: 46/53 MP: 5/5
  2577 | D:4      | Noticed a hippogriff
  2585 | D:4      | Killed a hippogriff
  2585 | D:4      | Reached skill level 6 in Axes
  2585 | D:4      | Reached skill level 5 in Shields
  2858 | D:4      | Reached skill level 5 in Armour
  2858 | D:4      | Reached XP level 7. HP: 60/60 MP: 6/6
  3284 | D:4      | Reached skill level 5 in Fighting
  3284 | D:4      | Reached skill level 7 in Axes
  3383 | D:4      | Found a snail-covered altar of Cheibriados.
  3385 | D:4      | Found a sparkling altar of Nemelex Xobeh.
  3385 | D:4      | Found a shimmering altar of Xom.
  3561 | D:4      | Found a bloodstained altar of Trog.
  3562 | D:4      | Found an iron altar of Okawaru.
  3619 | D:5      | Entered Level 5 of the Dungeon
  3719 | D:5      | Reached XP level 8. HP: 57/69 MP: 7/7
  4019 | D:5      | Reached skill level 8 in Axes
  4956 | D:6      | Found a staircase to the Ecumenical Temple.
  4962 | Temple   | Entered the Ecumenical Temple
  5016 | Temple   | Became a worshipper of the Shining One
  5354 | D:6      | Reached XP level 9. HP: 67/79 MP: 8/8
  5680 | D:7      | Noticed Menkaure
  5685 | D:7      | Killed Menkaure
  5685 | D:7      | Reached skill level 9 in Axes
  5724 | D:7      | Noticed Prince Ribbit
  6066 | D:7      | Found an opulent altar of Gozag.
  6189 | D:7      | Got a pitted whip
  6190 | D:7      | Identified the +5 whip of Zaoh {slash, rPois rF+ Int+3 Stlth-} (You found it on level 7 of the Dungeon)
  6288 | D:7      | Killed Prince Ribbit
  6535 | D:8      | Noticed an unseen horror
  6539 | D:8      | Killed an unseen horror
  6732 | D:8      | Found a staircase to the Lair.
  6734 | D:8      | Reached * piety under the Shining One
  6744 | D:8      | Reached skill level 10 in Axes
  6765 | D:8      | Reached XP level 10. HP: 32/90 MP: 9/9
  7296 | D:8      | Noticed North's ghost (novice FoFi)
  7310 | D:8      | Killed North's ghost
  7746 | Lair:1   | Entered Level 1 of the Lair of Beasts
  7746 | Lair:1   | Noticed an oklob plant
  7764 | Lair:1   | Impaled on a porcupine's spines

Skill      XL: |  1  2  3  4  5  6  7  8  9 10 |
---------------+-------------------------------+-----
Fighting       | 4 5 7 8 9 |  9.5
Armour         | 4 5 6 7 8 9 |  9.5
Shields        | 4 5 7 9 |  9.6
Axes           | 3 4 5 6 7 8 10 | 10.5
Dodging        | 1 |  1.9
Stealth        | |  0.1

Action                   |  1- 3 |  4- 6 |  7- 9 | 10-12 || total
-------------------------+-------+-------+-------+-------++-------
Melee: War axe           |   100 |   162 |   243 |    57 ||   562
       Headbutt          |    11 |    27 |    60 |    18 ||   116
  Use: Scroll            |     6 |     3 |    10 |     3 ||    22
       Potion            |       |       |     1 |       ||     1
  Eat: Chunk             |       |     7 |     8 |     2 ||    17
       Royal jelly       |       |       |     2 |       ||     2
Armor: Scale mail        |    15 |       |       |       ||    15
       Chain mail        |    43 |    80 |    83 |    11 ||   217
Dodge: Dodged            |    32 |    45 |    64 |    18 ||   159
Block: Shield            |    51 |    91 |   124 |    36 ||   302
       Reflection        |       |       |       |     1 ||     1
